 Dungeon Crawl Stone Soup version 0.31-a0-851-g7ff8af7976 (webtiles) character file.

Game seed: 17221097609640436084

2520 BinkBink the Cleaver (level 9, -1/79 HPs)
             Began as a Hill Orc Fighter on Oct 6, 2023.
             Was a Follower of the Shining One.
             Slain by a two-headed ogre
             ... wielding a +0 giant club
              (12 damage)
             ... on level 8 of the Dungeon.
             The game lasted 00:09:37 (5859 turns).

BinkBink the Cleaver (Hill Orc Fighter)             Turns: 5859, Time: 00:09:38

Health: -1/79      AC: 16    Str: 23    XL:     9   Next: 54%
Magic:  9/9        EV: 13    Int:  8    God:    the Shining One [*.....]
Gold:   300        SH:  6    Dex: 16    Spells: 8/8 levels left

rFire   . . .        a - +0 war axe
rCold   . . .        c - +0 buckler
rNeg    . . .        J - +2 plate armour
rPois   .            (no helmet)
rElec   .            (no cloak)
rCorr   .            (no gloves)
SInv    .            w - +0 pair of boots
Will    .....        l - amulet of regeneration Stlth
                     u - +6 ring of dexterity
HPRegen 1.13/turn    y - +5 ring of evasion
MPRegen 0.11/turn

%: no passive effects
@: glowing
A: no striking features
a: Renounce Religion, Divine Shield


You were on level 8 of the Dungeon.
You worshipped the Shining One.
The Shining One was aware of your devotion.
You visited 1 branch of the dungeon, and saw 8 of its levels.

You collected 300 gold pieces.

Inventory:

Hand Weapons
 a - a +0 war axe (weapon)
Armour
 c - a +0 buckler (worn)
 w - a +0 pair of boots (worn)
 J - a +2 plate armour (worn)
Jewellery
 k - a ring of fire
 l - an amulet of regeneration (around neck)
 u - a +6 ring of dexterity (left hand)
 y - a +5 ring of evasion (right hand)
 A - a ring of ice
 C - an amulet of faith
 F - a ring of positive energy
Wands
 G - a wand of mindburst (17)
 H - a wand of flame (13)
Scrolls
 f - a scroll of vulnerability
 h - 2 scrolls of revelation
 m - 8 scrolls of teleportation
 n - a scroll of fog
 s - a scroll of poison
 t - a scroll of amnesia
 x - a scroll of enchant weapon
 E - a scroll of silence
 I - a scroll of torment
 K - a scroll of fear
Potions
 d - a potion of might
 e - 3 potions of mutation
 i - a potion of heal wounds
 j - 3 potions of curing
 o - 2 potions of magic {unknown}
 p - 3 potions of attraction {unknown}
 q - a potion of invisibility {unknown}
 r - a potion of ambrosia {unknown}
 z - 4 potions of lignification {unknown}
 B - a potion of cancellation {unknown}


   Skills:
 + Level 7.3 Fighting
 * Level 10.1 Axes
 + Level 6.7 Armour
 + Level 3.3 Dodging
 + Level 6.6 Shields


You had 8 spell levels left.
You didn't know any spells.
Your spell library contained the following spells:

 Spells                   Type           Power      Damage    Failure   Level
 Necrotise                Necr           0%         1d4       100%        1
 Sandblast                Erth           0%         2d4       100%        1
 Slow                     Hex            0%         N/A       100%        1
 Passwall                 Tmut/Erth      0%         N/A       100%        2
 Confusing Touch          Hex            0%         N/A       100%        3
 Inner Flame              Hex/Fire       0%         N/A       100%        3
 Sigil of Binding         Hex            0%         N/A       100%        3
 Stone Arrow              Conj/Erth      0%         3d7       100%        3
 Vampiric Draining        Necr           0%         2d6       100%        3
 Brom's Barrelling Bould  Conj/Erth      0%         2d3       100%        4
 Agony                    Necr           0%         N/A       100%        5
 Yara's Violent Unravell  Hex/Tmut       0%         3d3       100%        5
 Enfeeble                 Hex            0%         N/A       100%        7
 Haunt                    Necr/Summ      0%         N/A       100%        7
 Borgnjor's Revivificati  Necr           0%         N/A       100%        8
 Death's Door             Necr           0%         N/A       100%        9


Dungeon Overview and Level Annotations

Branches:
Dungeon (8/15)             Temple (0/1) D:6
   Lair: D:8-11

Altars:
Dithmenos
Gozag
Sif Muna
Uskayaw
Wu Jian
Xom
The Shining One
Beogh

Shops:
D:1 :   D:5 =

Annotations:
D:3 3 runed translucent doors, sanka's ghost, amateur OpSh
D:4 3 runed translucent doors, BinkBink's ghost, novice HOMo
D:7 1 runed translucent door, Crazy Yiuf


Message History

As you read the scroll of identify, it crumbles to dust.
K - a scroll of fear
As you read the scroll of identify, it crumbles to dust.
e - 3 potions of mutation
As you read the scroll of identify, it crumbles to dust.
j - 3 potions of curing
As you read the scroll of enchant armour, it crumbles to dust.
Your +0 plate armour glows green for a moment.
As you read the scroll of enchant armour, it crumbles to dust.
Your +1 plate armour glows green for a moment.
You climb downwards.
There is a stone staircase leading up here.
A two-headed ogre comes into view. It is wielding two +0 giant clubs.
A two-headed ogre is nearby!
You hit the two-headed ogre but do no damage.
The two-headed ogre hits you with a +0 giant club! x2
You slash the two-headed ogre!
The two-headed ogre is moderately wounded.
The two-headed ogre hits you with a +0 giant club!
The two-headed ogre misses you.
You slash the two-headed ogre!
The two-headed ogre is heavily wounded.
You hit the two-headed ogre.
The two-headed ogre is severely wounded.
The two-headed ogre closely misses you. x2
You hit the two-headed ogre.
The two-headed ogre is severely wounded.
The two-headed ogre hits you with a +0 giant club!
The two-headed ogre closely misses you.
You are too injured to fight recklessly!
You are too injured to fight recklessly!
You are too injured to fight recklessly!
You hit the two-headed ogre but do no damage.
The two-headed ogre is severely wounded.
You completely miss the two-headed ogre.
The two-headed ogre is severely wounded.
The two-headed ogre hits you with a +0 giant club!!
* * * LOW HITPOINT WARNING * * *
The two-headed ogre hits you with a +0 giant club!
You die...

## .. .# .#
.# .#
####O###...
#..@......#
#<####.#...
#......#
....#.##.#
#.#####..
.. ### ##


You could see a two-headed ogre.

Vanquished Creatures
  Pikel (D:3)
  A wyvern (D:7)
  3 sky beasts (D:7)
  4 black bears
  An ice beast (D:7)
  A lemure (D:3)
  2 phantoms (D:5)
  2 bullfrogs
  A vampire bat (D:4)
  3 gnoll boudas
  2 hounds (D:5)
  A jelly (D:5)
  An orc priest (D:7)
  7 iguanas
  6 orc wizards
  3 adders
  13 gnolls
  2 shadow imps
  4 white imps
  2 ufetubi (D:7)
  2 worms
  2 dart slugs
  3 fire bats (D:4)
  14 orcs
  2 spectral bats (D:4)
  12 bats
  3 bat skeletons (D:4)
  A bat zombie (D:4)
  An endoplasm (D:2)
  3 giant cockroaches
  4 hobgoblins
  4 jackals (D:2)
  3 quokkas
  11 ball pythons
  A bat simulacrum (D:4)
  6 frilled lizards
  11 goblins
  10 kobolds
  9 rats
162 creatures vanquished.

Notes
Turn   | Place    | Note
-------+----------+-------------------------------------------
     0 | D:1      | BinkBink the Hill Orc Fighter began the quest for the Orb.
     0 | D:1      | Reached XP level 1. HP: 19/19 MP: 1/1
    32 | D:1      | Found Lauso's Book Shop.
    70 | D:1      | Reached skill level 3 in Axes
   141 | D:1      | Reached XP level 2. HP: 26/27 MP: 2/2
   482 | D:1      | Reached XP level 3. HP: 32/33 MP: 3/3
  1015 | D:2      | Reached skill level 4 in Axes
  1241 | D:2      | Reached XP level 4. HP: 40/40 MP: 4/4
  1548 | D:3      | Identified the +2 leather armour of Gew Yby {-Tele rN++
                  | Dex+4}
  1628 | D:3      | Reached XP level 5. HP: 34/47 MP: 5/5
  1650 | D:3      | Reached skill level 5 in Axes
  1776 | D:3      | Found a runed translucent gate.
  1778 | D:3      | Found a runed translucent gate.
  1779 | D:3      | Found a runed translucent gate.
  1779 | D:3      | Noticed sanka's ghost (amateur OpSh)
  2008 | D:3      | Found a roughly hewn altar of Beogh.
  2035 | D:4      | Found a runed translucent gate.
  2035 | D:4      | Found a runed translucent gate.
  2035 | D:4      | Found an opulent altar of Gozag.
  2035 | D:4      | Found a runed translucent gate.
  2110 | D:4      | Noticed Pikel
  2110 | D:4      | Noticed a lemure
  2110 | D:4      | Noticed a lemure
  2110 | D:4      | Noticed a lemure
  2133 | D:4      | Noticed BinkBink's ghost (novice HOMo)
  2231 | D:4      | Found a shimmering altar of Xom.
  2383 | D:4      | Noticed a black bear
  2392 | D:4      | Killed a black bear
  2393 | D:4      | Reached XP level 6. HP: 50/55 MP: 6/6
  2539 | D:3      | Killed Pikel
  2540 | D:3      | Reached skill level 5 in Fighting
  2540 | D:3      | Reached skill level 7 in Axes
  2540 | D:3      | Reached skill level 5 in Armour
  2540 | D:3      | Reached skill level 1 in Dodging
  2540 | D:3      | Reached skill level 5 in Shields
  2540 | D:3      | Reached XP level 7. HP: 20/61 MP: 7/7
  2670 | D:4      | Found an ornate altar of the Wu Jian Council.
  2931 | D:5      | Entered Level 5 of the Dungeon
  2948 | D:5      | Identified the +5 sling of Fundamental Breach {drain,
                  | Will++ Int+4}
  3083 | D:5      | Reached XP level 8. HP: 66/70 MP: 8/8
  3087 | D:5      | Found a shadowy altar of Dithmenos.
  3087 | D:5      | Found a shimmering blue altar of Sif Muna.
  3095 | D:5      | Found a faded altar of an unknown god.
  3097 | D:5      | Found a glowing golden altar of the Shining One.
  3099 | D:5      | Found an opulent altar of Gozag.
  3220 | D:5      | Noticed a +0 short sword
  3221 | D:5      | Noticed a +0 spear
  3221 | D:5      | Noticed a +0 spear
  3221 | D:5      | Noticed a +0 dagger
  3222 | D:5      | Noticed a +0 short sword
  3222 | D:5      | Noticed a +0 dagger
  3228 | D:5      | Noticed a +0 falchion
  3229 | D:5      | Noticed a +0 falchion
  3256 | D:5      | Identified the +2 leather armour of Leapfrog {Str+3}
  3292 | D:5      | Reached skill level 8 in Axes
  3532 | D:5      | Found a hide-covered altar of Uskayaw.
  3572 | D:5      | Found Acogicvalirr's Jewellery Boutique.
  3915 | D:5      | Became a worshipper of the Shining One
  3987 | D:6      | Found a staircase to the Ecumenical Temple.
  4764 | D:7      | Reached skill level 9 in Axes
  4783 | D:7      | Reached XP level 9. HP: 78/78 MP: 9/9
  4948 | D:7      | Reached * piety under the Shining One
  5299 | D:7      | Reached skill level 10 in Axes
  5357 | D:7      | Found a runed translucent door.
  5358 | D:7      | Noticed Crazy Yiuf
  5852 | D:8      | Noticed a two-headed ogre
  5859 | D:8      | Slain by a two-headed ogre

Illustrated notes

Levels and vault maps discovered:
D:1:      minmay_arrival_semitransparent, layout_loops_ring, serial_shops, shop,
          minivault_14, reono_crystal_passage, minmay_misc_feat_four_crosses,
          chequers_serial_rivers_micro_e
D:2:      layout_basic, st_stairs_4
D:3:      layout_rooms, biasface_ghost_orc_armoury
D:4:      kennysheep_spiral_hall, layout_cave_pools,
          nicolae_overflow_crystal_walls, nicolae_wu_jian_immortal_techniques,
          ebering_ghost_gozag, goddamned_bats, uniq_pikel
D:5:      layout_loops_ring, chequers_temple_overflow_minitemple,
          nicolae_uskayaw_en_pointe, serial_shops, nicolae_shop_gaudy_bauble
D:6:      layout_loops_ring, minmay_temple_entry_ruins, serial_rivers,
          chequers_serial_rivers_small_b, chequers_serial_rivers_micro_a,
          chequers_serial_rivers_micro_b, chequers_serial_rivers_small_a
D:7:      layout_gridville, serial_demonic, serial_demonic_b, serial_demonic_f,
          serial_demonic_b, serial_demonic_f, uniq_crazy_yiuf_cottage
D:8:      layout_loops_cross, old_standard_altar,
          mainiacjoe_overflow_tiny_flanked, uniq_joseph

Skill      XL: |  1  2  3  4  5  6  7  8  9 |
---------------+----------------------------+-----
Axes           | 3 4 5 7 9 10 | 10.1
Fighting       | 4 5 6 7 |  7.3
Shields        | 4 5 6 |  6.6
Armour         | 4 5 6 |  6.7
Dodging        | 1 2 3 |  3.3

Action                     |  1- 3 |  4- 6 |  7- 9 || total
---------------------------+-------+-------+-------++-------
  Melee: War axe           |   100 |   145 |   276 ||   521
    Use: Potion            |       |       |     1 ||     1
         Scroll            |       |       |    15 ||    15
 Armour: Scale mail        |    85 |   141 |   178 ||   404
         Plate armour      |       |       |     6 ||     6
  Dodge: Dodged            |    36 |    84 |   137 ||   257
  Block: Buckler           |    22 |    52 |    73 ||   147

Table legend: (Time is in decaauts)
 A = Elapsed time spent in this place.
 B = Non-inter-level travel time spent in this place.
 C = Inter-level travel time spent in this place.
 D = Time resting spent in this place.
 E = Time spent auto-exploring this place.
 F = Levels seen in this place.
 G = Mean time per level.
                   A        B        C        D        E       F      G
               +--------+--------+--------+--------+--------+-----+--------+
         Total |   5976 |   5648 |    328 |      0 |   4425 |   8 |  747.0 |
       Dungeon |   5976 |   5648 |    328 |      0 |   4425 |   8 |  747.0 |
               +--------+--------+--------+--------+--------+-----+--------+

Top non-repeatable levels by time:
     D:7: 1141 daAuts
     D:5: 1027 daAuts
     D:2: 898 daAuts
     D:4: 825 daAuts
     D:6: 778 daAuts
     D:1: 653 daAuts
     D:3: 640 daAuts
     D:8: 12 daAuts
